 Dungeon Crawl Stone Soup version 0.29-a0-857-g9b1aa3ac5b (webtiles) character file.

Game seed: 8635107019117603395

58 porpoise the Insei (level 4, -1/34 HPs)
             Began as a Merfolk Transmuter on July 17, 2022.
             Killed from afar by a white imp (8 damage)
             ... with a puff of frost
             ... summoned by Natasha
             ... on level 2 of the Dungeon.
             The game lasted 00:03:53 (1837 turns).

porpoise the Insei (Merfolk Transmuter)             Turns: 1837, Time: 00:03:55

Health: -1/34      AC:  3    Str: 12    XL:     4   Next: 1%
Magic:  6/7        EV: 12    Int: 12    God:
Gold:   110        SH:  0    Dex: 14    Spells: 4/7 levels left

rFire   . . .      SeeInvis .     - Unarmed
rCold   . . .      Faith    .   (no shield)
rNeg    . . .      Spirit   .   j - +0 leather armour
rPois   .          Reflect  .   (helmet currently unavailable)
rElec   .          Harm     .   (no cloak)
rCorr   .          Rampage  .   (no gloves)
Will    .....                   (boots currently unavailable)
Stlth   +.........              (no amulet)
HPRegen 0.11/turn               (no ring)
MPRegen 0.10/turn               (no ring)

@: appendages
A: horns 2, (nimble swimmer 2), mertail
a: End Transformation


You were on level 2 of the Dungeon.
You had temporarily grown beastly horns.
You visited 1 branch of the dungeon, and saw 2 of its levels.

You collected 110 gold pieces.

Inventory:

Armour
 a - a +0 robe
 e - a +0 pair of boots (melded)
 j - a +0 leather armour (worn)
Scrolls
 c - a scroll of amnesia {unknown}
 d - a scroll of identify {unknown}
 h - 2 scrolls of teleportation {unknown}
 i - a scroll of magic mapping {unknown}
 k - a scroll of immolation {unknown}
Potions
 b - 3 potions of lignification
 f - 2 potions of curing {unknown}
 g - a potion of heal wounds {unknown}


   Skills:
 + Level 2.4 Fighting
 - Level 2.6 Dodging
 * Level 4.7 Unarmed Combat
 - Level 2.0 Spellcasting
 - Level 2.6 Transmutations


You had 4 spell levels left.
You knew the following spells:

 Your Spells              Type           Power      Damage    Failure   Level
a - Beastly Appendage     Tmut           14%        N/A       12%         1
w - Wereblood             Tmut           7%         N/A       17%         2

Your spell library contained the following spells:

 Spells                   Type           Power      Damage    Failure   Level
 Foxfire                  Conj/Fire      4%         2x1d4     34%         1
 Spider Form              Tmut/Pois      4%         N/A       52%         3
 Conjure Flame            Conj/Fire      1%         6-21      71%         3
 Inner Flame              Hex/Fire       1%         N/A       71%         3
 Ice Form                 Ice/Tmut       4%         N/A       89%         4
 Flame Wave               Conj/Fire      1%         2d4       98%         4


Dungeon Overview and Level Annotations

Branches:
Dungeon (2/15)

Altars:

Annotations:
D:2 Natasha


Innate Abilities, Weirdness & Mutations

You have temporarily grown beastly horns.
((You are very nimble when in or above water. (Stealth+, EV+, Speed+++)))
Your lower body shifts to a powerful aquatic tail in water.


Message History

The hobgoblin hits you.
You hit the hobgoblin but do no damage.
The hobgoblin is heavily wounded.
Your transformation is almost over.
The hobgoblin closely misses you.
You closely miss the hobgoblin. You headbutt the hobgoblin.
You kill the hobgoblin!
You have reached level 4!
You start resting.
Natasha is nearby!
Found 7 stones.
Natasha hisses angrily.
Natasha casts a spell at you. The magic dart hits you.
Natasha mumbles some strange words.
Your horns disappear.
Your +0 pair of boots unmelds from your body.
Natasha zaps a wand.
The bolt of light misses you.
Natasha casts a spell.
The white imp gestures at you. The puff of frost hits you.
You hit Natasha. You punch Natasha.
Natasha is heavily wounded.
Natasha claws you.
The crimson imp hits you but does no damage.
You hit Natasha but do no damage.
Natasha is heavily wounded.
Natasha zaps a wand.
The bolt of light misses you.
You barely miss Natasha.
Natasha is heavily wounded.
The white imp hits you. The white imp freezes you.
* * * LOW HITPOINT WARNING * * *
The crimson imp hits you but does no damage.
Natasha closely misses you.
Casting: Beastly Appendage (safe; 12% risk of failure)
Confirm with . or Enter, or press ? or * to list all spells.
You grow a pair of large bovine horns.
Your +0 pair of boots melds into your body.
The white imp gestures at you. The puff of frost hits you!
You die...

#..#
#...........##†######
#..#
##############.#..#
#..# ##########'#..#
#..# #.............#
...# #.............#
##.# #.............#
#.............#
#............##..
#.....5@......(..#
#.....h.5....###.#
.....#####.#..... .#
.... #.###### # .#
... #.. # .# .. ####
##.# . ...# ...#


You could see Natasha, a crimson imp (summoned) and a white imp (summoned).

Vanquished Creatures
  Natasha (D:2)
  An adder (D:2)
  2 ball pythons (D:1)
  3 bats (D:1)
  5 endoplasms (D:1)
  2 goblins (D:1)
  3 hobgoblins
  2 quokkas (D:1)
  A frilled lizard (D:1)
  3 kobolds (D:1)
23 creatures vanquished.

Notes
Turn   | Place    | Note
-------+----------+-------------------------------------------
     0 | D:1      | porpoise the Merfolk Transmuter began the quest for the
                  | Orb.
     0 | D:1      | Reached XP level 1. HP: 15/15 MP: 3/3
   319 | D:1      | Reached XP level 2. HP: 12/20 MP: 5/5
   892 | D:1      | Reached skill level 4 in Unarmed Combat
   923 | D:1      | Learned a level 2 spell: Wereblood
  1491 | D:2      | Reached XP level 3. HP: 17/27 MP: 4/6
  1641 | D:2      | Noticed Natasha
  1648 | D:2      | Killed Natasha
  1817 | D:2      | Noticed Natasha
  1824 | D:2      | Reached XP level 4. HP: 30/34 MP: 5/7
  1837 | D:2      | Killed from afar by a white imp

Illustrated notes

Levels and vault maps discovered:
D:1:      dpeg_arrival_leaves_temple_mockup, layout_basic, minmay_tetromino_s2
D:2:      layout_basic, uniq_natasha

Skill      XL: |  1  2 |
---------------+-------+-----
Unarmed Combat | 4 |  4.7
Fighting       | 2 |  2.4
Dodging        | |  2.6
Spellcasting   | |  2.0
Transmutations | |  2.6

Action                   |  1- 3 |  4- 6 || total
-------------------------+-------+-------++-------
Melee: Unarmed           |    70 |     3 ||    73
       Punch             |     4 |     1 ||     5
       Headbutt          |     2 |       ||     2
 Cast: Beastly Appendage |     3 |     1 ||     4
Armor: Scale mail        |    11 |       ||    11
       Leather armour    |     2 |     2 ||     4
Dodge: Dodged            |    31 |     3 ||    34

Table legend: (Time is in decaauts)
 A = Elapsed time spent in this place.
 B = Non-inter-level travel time spent in this place.
 C = Inter-level travel time spent in this place.
 D = Time resting spent in this place.
 E = Time spent auto-exploring this place.
 F = Levels seen in this place.
 G = Mean time per level.
                   A        B        C        D        E       F      G
               +--------+--------+--------+--------+--------+-----+--------+
         Total |   1831 |   1812 |     19 |    611 |    943 |   2 |  915.5 |
       Dungeon |   1831 |   1812 |     19 |    611 |    943 |   2 |  915.5 |
               +--------+--------+--------+--------+--------+-----+--------+

Top non-repeatable levels by time:
     D:1: 1402 daAuts
     D:2: 429 daAuts
